 Dungeon Crawl Stone Soup version 0.26-b1-52-g61e05abef2 (webtiles) character file.

Game seed: 18271352917765851924

234 sizableburger the Chiller (level 5, -5/35 HPs)
             Began as a Demonspawn Ice Elementalist on Jan 7, 2021.
             Was an Initiate of Kikubaaqudgha.
             Slain by Duvessa
             ... wielding a +1 short sword of speed
              (6 damage)
             ... on level 4 of the Dungeon.
             The game lasted 00:16:14 (2813 turns).

sizableburger the Chiller (DsIE)                    Turns: 2813, Time: 00:16:17

Health: -5/35      AC: 17    Str:  8    XL:     5   Next: 75%
Magic:  0/10       EV: 13    Int: 17    God:    Kikubaaqudgha [......]
Gold:   193        SH:  0    Dex: 14    Spells: 3/10 levels left

rFire    . . .     SeeInvis +   k - +2 dagger (protect)
rCold    . . .     Faith    .   (no shield)
rNeg     . . .     Spirit   +   a - +2 robe
rPois    .         Reflect  .   (helmet restricted)
rElec    .         Harm     .   (no cloak)
rCorr    .         Rampage  .   (no gloves)
Will     +....                  (no boots)
Stlth    ++........             n - amulet of magic regeneration
HPRegen  0.11/turn              g - ring of see invisible
MPRegen  0.37/turn              q - ring of willpower

@: mighty, icy armour, protection aura, attractive, flying, hasted, very quick
A: horns 2, spiny 1, magic shield
a: Renounce Religion


You were on level 4 of the Dungeon.
You worshipped Kikubaaqudgha.
Kikubaaqudgha was noncommittal.
You visited 2 branches of the dungeon, and saw 5 of its levels.

You collected 193 gold pieces.

Inventory:

Hand Weapons
 k - a +2 dagger of protection (weapon)
Armour
 a - a +2 robe (worn)
Jewellery
 g - a ring of see invisible (left hand)
 n - an amulet of magic regeneration (around neck)
 q - a ring of willpower (right hand)
Wands
 c - a wand of paralysis (3)
Scrolls
 b - a scroll of teleportation
 h - 3 scrolls of remove curse
 i - a scroll of magic mapping
 m - a scroll of immolation {unknown}
Potions
 f - a potion of lignification
 j - 3 potions of might
 l - 2 potions of mutation


   Skills:
 + Level 0.0 Short Blades
 + Level 3.2 Dodging
 - Level 1.8 Stealth
 + Level 3.3 Spellcasting
 + Level 0.7 Necromancy
 + Level 4.9 Ice Magic


You had 3 spell levels left.
You knew the following spells:

 Your Spells              Type           Power        Failure   Level
a - Freeze                Ice            76%          2%          1
b - Frozen Ramparts       Ice            38%          7%          3
c - Ozocubu's Armour      Ice            19%          7%          3

Your spell library contained the following spells:

 Spells                   Type           Power        Failure   Level
 Magic Dart               Conj           8%           17%         1
 Blink                    Tloc           N/A          26%         2
 Call Imp                 Summ           2%           26%         2
 Slow                     Hex            2%           26%         2
 Conjure Flame            Conj/Fire      2%           45%         3
 Mephitic Cloud           Conj/Pois/Air  2%           45%         3
 Hailstorm                Conj/Ice       11%          52%         4
 Summon Ice Beast         Ice/Summ       11%          52%         4


Dungeon Overview and Level Annotations

Branches:
Dungeon (4/15)             Temple (1/1) D:4

Altars:
Ashenzari
Cheibriados
Dithmenos
Elyvilon
Gozag
Hepliaklqana
Kikubaaqudgha
Makhleb
Okawaru
Qazlal
Ru
Sif Muna
Trog
Uskayaw
Vehumet
Wu Jian
Xom
Yredelemnul
Zin

Annotations:
D:4 Duvessa


Innate Abilities, Weirdness & Mutations

You have a pair of horns on your head.
You are partially covered in sharp spines.
When hurt, damage is shared between your health and your magic reserves.


Message History

* * * LOW HITPOINT WARNING * * *
It was a potion of haste.
You feel yourself speed up.
The worker ant is struck by your spines.
The worker ant barely misses you.
Duvessa resists.
The wall freezes Duvessa.
Duvessa closely misses you.
It was a potion of attraction.
You feel attractive to monsters.
Duvessa completely resists.
The wall freezes Duvessa but does no damage.
Duvessa hits you with a +1 short sword of speed.
* * * LOW HITPOINT WARNING * * *
The worker ant bites you.
* * * LOW HITPOINT WARNING * * *
It was a potion of flight.
You feel very buoyant.
You fly up into the air.
The frozen ramparts melt away.
Duvessa is struck by your spines.
Duvessa hits you with a +1 short sword of speed.
You die...
Kikubaaqudgha rasps: "You have failed me!
Welcome... death!"

......................#
......................#
......................#
#...#.................#
.#.#(....##...........#
..>....####...........#
.#.#...#
#.#.....(...#...
#...#..#
#.#....B..).....
......##
#.....@e...>#...
.###..# ##..######### #
#..## #.. #.[# ....
#..# .... #)## ... #..#
#...# #####


You could see Duvessa (berserk) and a worker ant.

Vanquished Creatures
  Dowan (D:4)
  Jessica (D:3)
  Ijyb (D:3)
  2 worker ants
  Terence (D:2)
  2 adders
  An adder skeleton (D:4)
  2 dart slugs (D:1)
  A leopard gecko (D:1)
  A giant cockroach (D:3)
  8 goblins
  2 hobgoblins
  3 jackals (D:1)
  2 kobolds
  A quokka (D:3)
  A ball python (D:1)
  9 bats
  4 frilled lizards
  5 rats
48 creatures vanquished.

Notes
Turn   | Place    | Note
-------+----------+-------------------------------------------
     0 | D:1      | sizableburger the Demonspawn Ice Elementalist began the
                  | quest for the Orb.
     0 | D:1      | Reached XP level 1. HP: 13/13 MP: 3/3
   290 | D:1      | Reached skill level 4 in Ice Magic
   290 | D:1      | Gained mutation: When hurt, damage is shared between your
                  | health and your magic reserves. [demonic ancestry]
   290 | D:1      | Reached XP level 2. HP: 17/19 MP: 0/5
   826 | D:1      | Gained mutation: You have a pair of small horns on your
                  | head. [demonic ancestry]
   826 | D:1      | Reached XP level 3. HP: 24/24 MP: 3/6
  1417 | D:1      | Learned a level 3 spell: Frozen Ramparts
  1824 | D:2      | Noticed Terence
  1838 | D:2      | Killed Terence
  1929 | D:2      | Found an iron altar of Okawaru.
  1953 | D:2      | Gained mutation: You are partially covered in sharp spines.
                  | [demonic ancestry]
  1953 | D:2      | Reached XP level 4. HP: 22/30 MP: 2/8
  2169 | D:2      | Learned a level 3 spell: Ozocubu's Armour
  2210 | D:3      | Noticed Jessica
  2217 | D:3      | Killed Jessica
  2319 | D:3      | Noticed Ijyb
  2326 | D:3      | Killed Ijyb
  2327 | D:3      | Gained mutation: You have a pair of horns on your head.
                  | [demonic ancestry]
  2327 | D:3      | Reached XP level 5. HP: 35/35 MP: 2/9
  2588 | D:3      | You fall into a shaft and drop 1 floor!
  2655 | D:4      | Found a staircase to the Ecumenical Temple.
  2667 | Temple   | Entered the Ecumenical Temple
  2694 | Temple   | Became a worshipper of Kikubaaqudgha
  2707 | D:4      | Noticed Dowan
  2728 | D:4      | Killed Dowan
  2800 | D:4      | Noticed Duvessa
  2812 | D:4      | HP: 1/35 [worker ant (4)]
  2813 | D:4      | Slain by Duvessa

Illustrated notes

Levels and vault maps discovered:
D:1:      dpeg_arrival_subterranean_lakeside_camping, layout_loops_ring
D:2:      layout_basic, general_overflow_altar, kennysheep_cross_room,
          minmay_pentomino_z4, uniq_terence
D:3:      layout_basic, gammafunk_temple_overflow_claw, minivault_26,
          uniq_jessica, uniq_ijyb
D:4:      layout_rooms, minmay_temple_entry_crystal_x, serial_shops,
          kennysheep_mini_moat, hangedman_decor_peaks_small,
          lemuel_blue_sif_altar, uniq_duvessa
Temple:   nicolae_temple_no_exploring_needed

Skill      XL: |  1  2  3  4  5 |
---------------+----------------+-----
Ice Magic      | 4 |  4.9
Dodging        | 2 3 |  3.2
Spellcasting   | 3 |  3.3
Stealth        | |  1.8
Necromancy     | |  0.7

Action                   |  1- 3 |  4- 6 || total
-------------------------+-------+-------++-------
Melee: Unarmed           |    12 |     5 ||    17
       Headbutt          |       |     3 ||     3
       Dagger            |       |     3 ||     3
 Cast: Freeze            |    52 |     7 ||    59
       Frozen Ramparts   |     4 |     9 ||    13
       Ozocubu's Armour  |       |     3 ||     3
  Use: Scroll            |     1 |    10 ||    11
       Potion            |       |     5 ||     5
 Stab: Sleeping          |     1 |       ||     1
Armor: Robe              |    17 |     8 ||    25
Dodge: Dodged            |    59 |    14 ||    73
